 Dungeon Sprint DCSS version 0.14-a0-259-gc627851 (console) character file.

3458 Dalvant the Arsonist (level 9, -6/47 (48) HPs)
             Began as a Deep Elf Fire Elementalist on Oct 14, 2013.
             Was a Believer of Vehumet.
             Engulfed by a death drake's foul pestilence (8 damage)
             ... in the Dungeon (Sprint II: "The Violet Keep of Menkaure").
             The game lasted 00:09:00 (1278 turns).

Dalvant the Arsonist (Deep Elf Fire Elementalist)   Turns: 1278, Time: 00:09:00

HP  -6/47 (48)   AC  7     Str  5      XL: 9   Next: 61%
MP   1/30        EV 12     Int 27      God: Vehumet [**....]
Gold 315         SH 10     Dex 15      Spells:  3 memorised, 23 levels left

Res.Fire  : + + .   See Invis. : .   (no weapon)
Res.Cold  : . . .   Warding    : .   a - +0 elf robe
Life Prot.: . . .   Conserve   : .   j - +2 buckler {rC+ rF+}
Res.Poison: .       Res.Corr.  : .   k - +1 horned helmet {Int+3}
Res.Elec. : .       Clarity    : .   l - +1 elf cloak {darkness}
Sust.Abil.: . .     Spirit.Shd : .   p - +0 pair of gauntlets
Res.Mut.  : .       Prev.Telep.: +   (no boots)
Res.Rott. : .       Flight     : .   (no amulet)
Saprovore : . . .                    (no ring)
                                     m - ring of fire

@: non-regenerating, quite poisoned, diseased, very slightly contaminated,
slowed, retching, very slow, somewhat resistant to hostile enchantments, very
stealthy
A: no striking features
a: Renounce Religion, Evoke Invisibility


You were in the Dungeon.
You worshipped Vehumet.
Vehumet was pleased with you.
You were not hungry.

You visited 1 branch You collected 810 gold pieces.
You spent 515 gold pieces at shops.

Inventory:

Armour
 a - a +0 elven robe (worn)
 j - a +2 buckler of resistance (worn)
 k - a +1 horned helmet of intelligence (worn)
 l - a +1 elven cloak of darkness (worn)
 p - a +0 pair of gauntlets (worn)
Comestibles
 c - a bread ration
 n - a choko
 o - a meat ration
 q - 4 chunks of polar bear flesh
Jewellery
 m - a ring of fire (left hand)
Potions
 d - a potion of curing
 e - a potion of heal wounds
 f - a potion of speed
 g - 2 potions of magic
 h - a potion of berserk rage
Books
 b - a book of Flames

   Spells                             Type                      Level
   *Flame Tongue                      Conjuration/Fire             1
   Throw Flame                        Conjuration/Fire             2
   Conjure Flame                      Conjuration/Fire             3
   Inner Flame                        Hexes/Fire                   3
   *Sticky Flame                      Conjuration/Fire             4
   *Fireball                          Conjuration/Fire             5


   Skills:
 - Level 4.1 Fighting
 - Level 2.4 Dodging
 - Level 7.1 Stealth
 - Level 1.0 Shields
 + Level 12.6 Spellcasting
 * Level 13.5 Conjurations
 + Level 14.8 Fire Magic


You had 23 spell levels left.
You knew the following spells:

 Your Spells              Type           Power        Failure   Level  Hunger
a - Flame Tongue          Conj/Fire      #####        0%          1    None
b - Fireball              Conj/Fire      #######...   1%          5    #......
c - Sticky Flame          Conj/Fire      #######.     1%          4    None


Dungeon Overview and Level Annotations

Branches:
Dungeon (1/1)

Altars:
Cheibriados
Elyvilon
Fedhas
Kikubaaqudgha
Makhleb
Nemelex Xobeh
Okawaru
Sif Muna
Trog
Vehumet
Xom
Yredelemnul
Zin
the Shining One
Beogh
Jiyva
Lugonu

Shops:
D [/+[???=!(!=[+[%

Annotations:
D exclusion: oklob plant, Roxanne


Message History

Vehumet accepts your kill.
Miasma billows from the fallen plague shambler!
Your Spellcasting skill increases to level 12!
Your Conjurations skill increases to level 13!
* * * LOW HITPOINT WARNING * * *
You feel sick. The death drake breathes miasma at you.
* * * LOW HITPOINT WARNING * * *
You feel sick.
* * * LOW HITPOINT WARNING * * *
You feel sick. The death drake breathes miasma at you.
You are engulfed in dark miasma.
You are more poisoned.
You feel yourself slow down.
* * * LOW HITPOINT WARNING * * *
There is an open door here.
You are engulfed in dark miasma.
You are more poisoned.
You die...

§ §≈§ 8§§ §§ ≈# ≈§ ############≈≈# #+++
###########≈≈≈.. ... l ##........#≈≈≈≈.##+##
#. . ##....⌠...#≈≈≈≈##.%%## #### +.##.
##...∩.∩..#≈≈≈≈#..##.# ...# ...#####$
##..∩.∩.∩.#≈≈######.####..## #^l##.##([[[
##.∩.∩.∩.∩#≈##.###'###§##..# +.§#..##=$(?)
##∩.∩.."∩.#≈#...##§##§§##§§# #..#..##$?(!?(
##.∩.....∩'≈'.#.'.§@§##§§§.####^l##.##%(([?)!
##∩.......#≈#.%.##§##§§##.l§§###...#########+
###########≈##.###+###.##§l§§§§≈≈≈%≈≈≈≈≈≈≈≈≈.
##)JJ######≈≈### .#$
###≈§..§§§≈#)########≈### #(JU#G$ ##≈≈≈#.B
B.#≈≈≈§§§§§§≈#....._._#§≈§## #∩PU+.(#+ +#≈##.
.##≈≈≈≈≈≈≈≈.≈#...._._.#≈§§≈# #$.%#$##≈ ≈≈##
##≈≈≈§≈≈≈§§≈≈#._._._._#§§§≈≈# #?$.###;§
≈≈≈≈≈≈≈≈≈§§§≈#_._._._.#§§≈≈§§ ##+###§§
++#≈≈≈§§≈§≈§#._._._..#§≈§§§§ #
##§≈≈###≈§#.._._...#§§§§§§ ##≈≈#
#§≈#...⌠....#{{≈§§≈# ≈≈# #≈≈#........#§≈§§##
≈≈≈≈##########§§§§#≈≈ ####≈≈≈≈≈≈≈≈≈≈§§≈#≈
###≈########≈##### ##≈ ## +≈


There were no monsters in sight!

Vanquished Creatures
  2 plague shamblers (D)
  A yaktaur (D)
  A mermaid (D)
  3 polar bears (D)
  A baby alligator (D)
  Menkaure (D)
  A yellow wasp (D)
  4 brain worms (D)
  A crocodile (D)
  4 giant centipedes (D)
19 creatures vanquished.

Notes
Turn   | Place    | Note
--------------------------------------------------------------
     0 | D        | Dalvant, the Deep Elf Fire Elementalist, began the quest for the Orb.
     0 | D        | Reached XP level 1. HP: 10/10 MP: 4/4
     5 | D        | Reached skill level 1 in Fighting
     5 | D        | Reached skill level 4 in Fire Magic
     7 | D        | Reached skill level 5 in Fire Magic
     7 | D        | Reached XP level 2. HP: 12/15 MP: 0/6
   172 | D        | Reached XP level 3. HP: 19/19 MP: 0/9
   259 | D        | Noticed a boulder beetle
   259 | D        | Noticed a boulder beetle
   263 | D        | Noticed a brain worm
   268 | D        | Killed a brain worm
   268 | D        | Reached skill level 7 in Fire Magic
   268 | D        | Reached XP level 4. HP: 22/24 MP: 6/12
   274 | D        | Learned a level 4 spell: Sticky Flame
   313 | D        | Noticed a brain worm
   316 | D        | Killed a brain worm
   316 | D        | Reached skill level 5 in Stealth
   316 | D        | Reached skill level 5 in Conjurations
   316 | D        | Reached skill level 9 in Fire Magic
   316 | D        | Reached XP level 5. HP: 22/29 MP: 11/16
   323 | D        | Learned a level 5 spell: Fireball
   394 | D        | Noticed a brain worm
   394 | D        | Noticed a brain worm
   401 | D        | Killed a brain worm
   446 | D        | Killed a brain worm
   446 | D        | Reached skill level 10 in Fire Magic
   446 | D        | Reached XP level 6. HP: 35/35 MP: 15/20
   479 | D        | Noticed Roxanne
   489 | D        | Noticed a mermaid
   497 | D        | Killed a mermaid
   497 | D        | Reached skill level 11 in Fire Magic
   497 | D        | Reached XP level 7. HP: 23/39 MP: 12/23
   617 | D        | Found Seoleev's Distillery.
   617 | D        | Found Blunaogu's Antique Weapon Shoppe.
   617 | D        | Found Sivy's Armour Emporium.
   617 | D        | Found Theevoit's Jewellery Emporium.
   617 | D        | Found Trel's Antique Armour Shoppe.
   617 | D        | Found Khuink's Book Shoppe.
   618 | D        | Found Fyare's Jewellery Emporium.
   618 | D        | Found Shrimiur's Distillery.
   618 | D        | Found Ofru's Magic Scroll Shoppe.
   619 | D        | Found Ghipt's Magic Scroll Emporium.
   619 | D        | Noticed a giant amoeba
   620 | D        | Found Xeda's Magic Scroll Shoppe.
   620 | D        | Found Plosm's Food Emporium.
   620 | D        | Noticed a giant amoeba
   621 | D        | Found Orrajozur's Armour Emporium.
   621 | D        | Found Qoas' Antique Armour Emporium.
   621 | D        | Found Blettat's Magical Wand Shoppe.
   621 | D        | Noticed Menkaure
   621 | D        | Noticed a giant amoeba
   628 | D        | Noticed an oklob plant
   635 | D        | Killed Menkaure
   635 | D        | Reached skill level 12 in Fire Magic
   642 | D        | Found Xatesus' Book Shoppe.
   643 | D        | Noticed a grizzly bear
   644 | D        | Noticed a grizzly bear
   645 | D        | Noticed a great orb of eyes
   645 | D        | Noticed an electric eel
   658 | D        | Bought a glowing buckler for 60 gold pieces
   658 | D        | Bought a shiny horned helmet for 60 gold pieces
   658 | D        | Bought an embroidered elven cloak for 28 gold pieces
   668 | D        | Bought an uncursed amulet of inaccuracy for 26 gold pieces
   692 | D        | Bought an uncursed ring of fire for 260 gold pieces
   696 | D        | Bought a choko for 5 gold pieces
   696 | D        | Bought a meat ration for 56 gold pieces
   703 | D        | Bought a +0 pair of gauntlets for 20 gold pieces
   729 | D        | Noticed a crocodile
   735 | D        | Killed a crocodile
   735 | D        | Reached skill level 1 in Shields
   763 | D        | Found a bloodstained altar of Trog.
   764 | D        | Noticed a baby alligator
   764 | D        | Found an ancient bone altar of Kikubaaqudgha.
   771 | D        | Killed a baby alligator
   938 | D        | Found a deep blue altar of Sif Muna.
   938 | D        | Found a corrupted altar of Lugonu.
   939 | D        | Found a basalt altar of Yredelemnul.
   940 | D        | Found an iron altar of Okawaru.
   940 | D        | Found a roughly hewn altar of Beogh.
   940 | D        | Found a sparkling altar of Nemelex Xobeh.
   940 | D        | Found a blossoming altar of Fedhas.
   940 | D        | Found a glowing golden altar of the Shining One.
   941 | D        | Found a white marble altar of Elyvilon.
   942 | D        | Found a viscous altar of Jiyva.
   944 | D        | Found a snail-covered altar of Cheibriados.
   944 | D        | Found a glowing silver altar of Zin.
   944 | D        | Found a radiant altar of Vehumet.
   944 | D        | Found a burning altar of Makhleb.
   944 | D        | Found a shimmering altar of Xom.
   944 | D        | Noticed a yellow wasp
   944 | D        | Noticed a polar bear
   945 | D        | Noticed a yaktaur
   948 | D        | Noticed a big fish
   950 | D        | Noticed a big fish
   951 | D        | Became a worshipper of Vehumet
   952 | D        | Noticed a big fish
   956 | D        | Noticed a big fish
   957 | D        | Noticed a big fish
   960 | D        | Noticed a polar bear
   965 | D        | Noticed a big fish
   972 | D        | Killed a polar bear
   972 | D        | Reached skill level 10 in Conjurations
   972 | D        | Reached skill level 13 in Fire Magic
   972 | D        | Reached XP level 8. HP: 25/44 MP: 14/26
   979 | D        | Noticed a big fish
   983 | D        | Noticed a shark
   998 | D        | Noticed a big fish
  1110 | D        | Noticed a polar bear
  1113 | D        | Killed a polar bear
  1114 | D        | Killed a yaktaur
  1114 | D        | Acquired Vehumet's first power
  1114 | D        | Offered knowledge of Shock by Vehumet.
  1114 | D        | Reached skill level 10 in Spellcasting
  1116 | D        | Killed a yellow wasp
  1185 | D        | Killed a polar bear
  1185 | D        | Reached skill level 14 in Fire Magic
  1262 | D        | Noticed a death drake
  1262 | D        | Noticed a plague shambler
  1264 | D        | Noticed a swamp drake
  1264 | D        | Noticed a plague shambler
  1267 | D        | Noticed a death drake
  1272 | D        | Killed a plague shambler
  1272 | D        | Reached XP level 9. HP: 12/47 MP: 5/30
  1273 | D        | Killed a plague shambler
  1277 | D        | HP: 2/47 [it] (7)]
  1278 | D        | Engulfed by a death drake's foul pestilence

Action                   |  1- 3 |  4- 6 |  7- 9 || total
-------------------------+-------+-------+-------++-------
 Cast: Flame Tongue      |    13 |    17 |     7 ||    37
       Sticky Flame      |       |     1 |     5 ||     6
       Fireball          |       |       |    11 ||    11
  Use: Scroll            |       |       |     1 ||     1
